 Dungeon Crawl Stone Soup version 0.28-b1-25-g9875b3fc8c (webtiles) character file.

Game seed: 2092611038744815115

16 tilp the Sneak (level 2, -1/27 HPs)
             Began as a Hill Orc Delver on Feb 6, 2022.
             Slain by a kobold (3 damage)
             ... on level 2 of the Dungeon.
             The game lasted 00:02:01 (722 turns).

tilp the Sneak (Hill Orc Delver)                     Turns: 722, Time: 00:02:02

Health: -1/27      AC:  3    Str: 14    XL:     2   Next: 54%
Magic:  2/2        EV: 11    Int: 10    God:
Gold:   34         SH:  0    Dex: 12    Spells: 1/1 levels left

rFire   . . .      SeeInvis .   a - +0 hand axe
rCold   . . .      Faith    .   (no shield)
rNeg    . . .      Spirit   .   b - +0 leather armour
rPois   .          Reflect  .   (no helmet)
rElec   .          Harm     .   (no cloak)
rCorr   .          Rampage  .   (no gloves)
Will    .....                   (no boots)
Stlth   ++........              (no amulet)
HPRegen 0.09/turn               (no ring)
MPRegen 0.08/turn               (no ring)

@: no status effects
A: no striking features
a: no special abilities


You were on level 2 of the Dungeon.
You visited 1 branch of the dungeon, and saw 4 of its levels.

You collected 34 gold pieces.

Inventory:

Hand Weapons
 a - a +0 hand axe (weapon)
Armour
 b - a +0 leather armour (worn)
Jewellery
 h - an amulet of magic regeneration
Wands
 g - a wand of digging (3)
Scrolls
 c - a scroll of fog
 d - a scroll of teleportation {unknown}
 e - a scroll of fear
Potions
 f - a potion of haste
 i - a potion of heal wounds {unknown}


   Skills:
 - Level 4.0 Fighting
 * Level 3.7 Axes
 - Level 1.5 Dodging
 - Level 4.1 Stealth


You had one spell level left.
You didn't know any spells.
Your spell library was empty.

Dungeon Overview and Level Annotations

Branches:
Dungeon (5/15)             Temple (0/1) D:5

Altars:

Annotations:
D:3 1 runed translucent door, Garym's ghost, amateur MiBe


Message History

You are too injured to fight recklessly!
You are too injured to fight recklessly!
You are too injured to fight recklessly!
You are too injured to fight recklessly!
You are too injured to fight recklessly!
You barely miss the kobold. The kobold hits you with a +0 dagger.
You barely miss the kobold. The kobold hits you but does no damage.
You barely miss the kobold. The kobold hits you with a +0 dagger.
You hit the kobold.
The kobold is moderately wounded.
The kobold hits you with a +0 dagger.
* * * LOW HITPOINT WARNING * * *
The kobold hits you but does no damage.
You closely miss the kobold.
A goblin comes into view. It is wielding a +0 club.
The kobold hits you with a +0 dagger.
* * * LOW HITPOINT WARNING * * *
Unknown command.
The kobold throws a stone.
The stone hits you but does no damage.
You see here a worm corpse.
The kobold throws a stone.
The stone hits you but does no damage.
You hit the goblin.
You kill the goblin!
Training target 4.0 for Fighting reached!
Your Fighting skill increases to level 4!
There is a stone staircase leading down here.
You hit the kobold but do no damage. The kobold hits you with a +0 dagger.
* * * LOW HITPOINT WARNING * * *
You hit the kobold.
The kobold is severely wounded.
The kobold hits you with a +0 dagger.
* * * LOW HITPOINT WARNING * * *
You miss the kobold.
The kobold is severely wounded.
The kobold hits you with a +0 dagger.
* * * LOW HITPOINT WARNING * * *
You hit the kobold but do no damage.
The kobold is severely wounded.
The kobold hits you with a +0 dagger.
You die...

###### ###### #....#
#...... #....# ##.......
###....## ###........
#.......## #..........
#...)K.## #.#........
..##....#@.###.#)####...
.........##>.##.#K:......
######..........#.8(#....
#######.#..†.$.# ..
#.#.####.# #.#.. .#
#.##.. .. #.# ... ... ...
.... ...


You could see a kobold.

Vanquished Creatures
  A worm (D:2)
  A bat (D:2)
  An endoplasm (D:3)
  2 goblins (D:2)
  A hobgoblin (D:2)
  3 jackals (D:3)
  A kobold (D:3)
10 creatures vanquished.

Notes
Turn   | Place    | Note
-------+----------+-------------------------------------------
     0 | D:5      | tilp the Hill Orc Delver began the quest for the Orb.
     0 | D:5      | Reached XP level 1. HP: 19/19 MP: 1/1
    68 | D:3      | Noticed Garym's ghost (amateur MiBe)
    69 | D:3      | Found a runed translucent door.
   488 | D:3      | Reached XP level 2. HP: 27/27 MP: 2/2
   722 | D:2      | Slain by a kobold

Illustrated notes

Levels and vault maps discovered:
D:2:      layout_rooms, nicolae_concentric_dashed_squares_wild,
          chequers_serial_rivers_small_b, minmay_tetromino_i4, uniq_sigmund,
          uniq_jessica
D:3:      layout_loops_ring, lemuel_zombie_altar_kikubaaqudgha,
          hellmonk_ghost_happy_afterlife, ebering_dispersal_statue_hall,
          nicolae_concentric_dashed_squares_mild, uniq_robin
D:4:      kennysheep_goblin_castle, layout_cave_pools,
          mainiacjoe_overflow_alcove_1, minmay_goblin_outpost
D:5:      layout_basic, grunt_temple_overflow_open, temple_hall, serial_shops,
          nicolae_shop_statue_plus

Skill      XL: |  1  2 |
---------------+-------+-----
Axes           | 3 |  3.7
Fighting       | 4 |  4.0
Dodging        | |  1.5
Stealth        | |  4.1

Action                   || total
-------------------------++-------
Melee: Hand axe          ||    47
  Use: Scroll            ||     1
Armor: Leather armour    ||    14
Dodge: Dodged            ||    22
